[Event "*** Titled Tuesday Blitz"]
[Site "Chess.com"]
[Date "2020.11.10"]
[Round "6"]
[White "ViktoriyaTarasova"]
[Black "karwowskikacper"]
[Result "0-1"]
[WhiteElo "2261"]
[BlackElo "2433"]
[TimeControl "180+1"]
[EndTime "11:09:37 PST"]
[Termination "karwowskikacper won by resignation"]

1. d4 Nf6 2. c4 g6 3. Nc3 Bg7 4.
e4 d6 5. h3 O-O 6. Be3 c5 7. d5 b5 8. cxb5 Qa5 9. Bd2 a6 10. a4 axb5 11. Bxb5 Bd7 12. Nge2 Bxb5 13. Nxb5 Qb6 14. Qc2 Na6 15. O-O Rfc8 16. Ng3 h5 17.
Bc3 Nb4 18. Qb1 h4 19. Ne2 Rxa4 20. Rxa4 Qxb5 21. Qd1 Nxe4 22. Bxg7 Kxg7 23. Ra7 Nf6 24. Nf4 Qc4 25. Qf3 Nbxd5 26. Nxd5 Qxd5 27. Rxe7 Qxf3 28. gxf3 Rb8 29. Re2 Rb3 30. Rd1 d5 31. Kg2 Nh5 32. Re3 Rxb2 33. Ra1 Nf4+ 34. Kh1 Rxf2 35. Ra7 Nxh3 36. Ree7 Rxf3 37. Kg2 Ng5 38. Re5 h3+ 39. Kh2 Rf5 40. Rxf5 gxf5 41. Rd7 d4 42.
Rd5 Ne6 43. Rxf5 c4 44. Rd5 c3 45. Kg3 c2 0-1

[Event "*** Titled Tuesday Blitz"]
[Site "Chess.com"]
[Date "2020.11.10"]
[Round "6"]
[White "TigrVShlyape"]
[Black "Sven_Tica"]
[Result "1/2-1/2"]
[WhiteElo "2857"]
[BlackElo "2702"]
[TimeControl "180+1"]
[EndTime "11:09:38 PST"]
[Termination "Game drawn by agreement"]

1. d4 d5 2. Nf3 e6 3. Bf4 Bd6 4. Bg3 Qe7 5. Nbd2 Nf6 6. e3 Nbd7 7. Ne5 O-O 8. Bd3 c5 9. c3 g6 10. h4 Nh5 11. Bh2 f6 12. Nxd7 Bxd7 13. g4 Ng7 14. h5 Bxh2 15. Rxh2 g5 16. Qc2 Ne8 17. dxc5 Rc8 18.
Nb3 Ba4 19. Qd2 Bxb3 20. axb3 Qxc5 21. b4 Qc7 22. f4 a6 23. Rf2 Nd6 24. O-O-O a5 25.
b5 Nc4 26. Bxc4 Qxc4 27. Qd3 Qxd3 28. Rxd3 Rc5 29. f5 e5 30. Rfd2 Rd8 31. b6 Kf7 32. e4 d4 33. Kd1 Ke7 34. cxd4 exd4 35. Rxd4 Rxd4 36. Rxd4 Rb5 37. Rc4 Rxb6 38. Rc7+ Kd6 39. Rxh7 Rxb2 40. h6 Rh2 41. Rxb7 Rxh6 42. Rb5 Rh4 43.
Rxa5 Rxg4 44. Ra6+ Ke7 45. Re6+ Kf7 46. Ke2 Rg3 47. Kf2 Ra3 48. e5 fxe5 49. Rxe5 Kf6 50. Rb5 1/2-1/2

[Event "*** Titled Tuesday Blitz"]
[Site "Chess.com"]
[Date "2020.11.10"]
[Round "6"]
[White "profofchess"]
[Black "Morshynska"]
[Result "0-1"]
[WhiteElo "2415"]
[BlackElo "2244"]
[TimeControl "180+1"]
[EndTime "11:09:38 PST"]
[Termination "Morshynska won on time"]

1. e4 e5 2. Nf3 Nc6 3. Nc3 Nf6 4. Bb5 Bb4 5. O-O Bxc3 6. bxc3 O-O 7. Re1 d6 8. d4 Bd7 9. Bg5 h6 10. Bh4 Qe7 11. Rb1 Rab8 12. Qd3 a6 13. Bc4 Na5 14. Bb3 Rfd8 15. Nd2 c5 16. d5 b5 17. c4 b4 18. Nf1 g5 19. Bg3 Nb7 20. c3 a5 21. Ne3 Kg7 22. h4 Rh8 23. Bc2 Nh5 24. hxg5 hxg5 25. Qe2 Nf4 26. Bxf4 gxf4 27. Nf5+ Bxf5 28. exf5 Qh4 29. f3 Qh1+ 30. Kf2 Qh4+ 31.
Kg1 Qg3 32. Qf2 Qg5 0-1

[Event "*** Titled Tuesday Blitz"]
[Site "Chess.com"]
[Date "2020.11.10"]
[Round "6"]
[White "ftorodent"]
[Black "vanyakuba"]
[Result "1-0"]
[WhiteElo "2693"]
[BlackElo "2496"]
[TimeControl "180+1"]
[EndTime "11:09:39 PST"]
[Termination "ftorodent won by resignation"]

1. d4 d5 2. c4 e6 3. Nf3 c5 4. cxd5 exd5 5. Bg5 Be7 6. Bxe7 Nxe7 7. dxc5 Qa5+ 8.
Nbd2 Nbc6 9. e3 Qxc5 10. Nb3 Qb6 11. Nfd4 O-O 12. Be2 Nf5 13. Nxf5 Bxf5 14. Qxd5 Be6 15. Qb5 Nb4 16. Nd4 Qxb5 17. Bxb5 Bxa2 18. Kd2 a6 19. Be2 Bd5 20. f3 Rfd8 21. Rhd1 Bb3 22. Rdc1 Nc6 23. Kc3 Nxd4 24. exd4 Bd5 25. Bd3 Rac8+ 26.
Kd2 Bc6 27. Ke3 Re8+ 28. Kf2 Rcd8 29. Rd1 Kf8 30. Bc4 Rd6 31. d5 Red8 32. dxc6 Rxd1 33. c7 R1d2+ 34. Ke3 1-0

[Event "*** Titled Tuesday Blitz"]
[Site "Chess.com"]
[Date "2020.11.10"]
[Round "6"]
[White "JoliyRoger"]
[Black "GelmanAlexander"]
[Result "0-1"]
[WhiteElo "2369"]
[BlackElo "2578"]
[TimeControl "180+1"]
[EndTime "11:09:39 PST"]
[Termination "GelmanAlexander won by checkmate"]

1. Nf3 c5 2. c4 Nf6 3. Nc3 e6 4. e3 d6 5. d4 Nbd7 6. d5 exd5 7.
cxd5 a6 8. a4 g6 9. e4 Bg7 10.
Bd3 O-O 11. h3 Rb8 12. O-O Qc7 13. Bf4 Nh5 14. Bh2 c4 15. Bc2 b5 16. axb5 axb5 17. Nd4 b4 18. Ncb5 Rxb5 19. Nxb5 Qc5 20. Nxd6 Bxb2 21. Rb1 Be5 22. Nxc8 Rxc8 23. Ba4 Bxh2+ 24.
Kxh2 Ne5 25. Qd2 c3 26. Qc2 Nf4 27. Rfd1 Qe7 28. d6 Qg5 29. Rg1 Rd8 30. d7 Qh4 31. Qd1 c2 32. Bxc2 Rxd7 33. Qe1 Nf3+ 34. Kh1 Nxe1 35.
Rgxe1 Qxf2 36. Ba4 Qxg2# 0-1

[Event "*** Titled Tuesday Blitz"]
[Site "Chess.com"]
[Date "2020.11.10"]
[Round "6"]
[White "tylityli"]
[Black "Klavdia_Nik"]
[Result "1-0"]
[WhiteElo "2252"]
[BlackElo "2115"]
[TimeControl "180+1"]
[EndTime "11:09:39 PST"]
[Termination "tylityli won on time"]

1. d4 Nf6 2. c4 c5 3. d5 b5 4. Nd2 d6 5. e4 bxc4 6. Bxc4 g6 7. Ngf3 Bg7 8. h3 O-O 9. O-O Ba6 10. Qc2 Nfd7 11.
Rb1 Nb6 12. b3 Bxc4 13. Nxc4 Nxc4 14. bxc4 Nd7 15. Bb2 f6 16. Bc3 Qc7 17. Rb5 a6 18. Ba5 Qa7 19. Rb3 Rab8 20. Rfb1 Rxb3 21. Rxb3 Rb8 22.
Qb1 Rxb3 23. Qxb3 Qb8 24. Kf1 Qxb3 25. axb3 Kf7 26. Ke2 Bh6 27. Ne1 f5 28. exf5 gxf5 29. Nd3 e6 30. Bc7 Ke7 31. dxe6 Kxe6 32. g4 Ne5 33. gxf5+ Kxf5 34. Bxd6 Nc6 35. Bxc5 Bg7 36. Ke3 Bc3 37. b4 Nd8 38. b5 axb5 39. cxb5 Ne6 40. b6 Nxc5 41. Nxc5 1-0

[Event "*** Titled Tuesday Blitz"]
[Site "Chess.com"]
[Date "2020.11.10"]
[Round "6"]
[White "Zhigalko_Sergei"]
[Black "BAS8892"]
[Result "1-0"]
[WhiteElo "2925"]
[BlackElo "2728"]
[TimeControl "180+1"]
[EndTime "11:09:40 PST"]
[Termination "Zhigalko_Sergei won by resignation"]

1. e4 c6 2. d4 d5 3. e5 Bf5 4. Nf3 e6 5. Be2 Nd7 6. O-O Ne7 7. Nbd2 Bg4 8. h3 Bxf3 9. Nxf3 Nf5 10. c3 h5 11. Bd3 g6 12. Re1 Be7 13.
g3 Qb6 14. Kg2 c5 15. Qa4 O-O-O 16. Bg5 Bxg5 17. Nxg5 Rhf8 18. Rad1 a6 19. h4 Ne7 20. b4 cxd4 21. cxd4 Kb8 22. b5 a5 23. Qa3 Nf5 24.
Bxf5 gxf5 25. Qe7 Qxb5 26. Rb1 Qa4 27. Nxf7 Rde8 28. Rxb7+ Kxb7 29. Nd6+ Ka8 30. Nxe8 Rg8 31. Qxe6 Rg4 32. Qa6+ Kb8 33. Rb1+ 1-0

[Event "*** Titled Tuesday Blitz"]
[Site "Chess.com"]
[Date "2020.11.10"]
[Round "6"]
[White "chenxiaoyuer"]
[Black "GrigorGrigorov"]
[Result "1-0"]
[WhiteElo "2543"]
[BlackElo "2741"]
[TimeControl "180+1"]
[EndTime "11:09:41 PST"]
[Termination "chenxiaoyuer won on time"]

1. e4 c6 2. d4 d5 3. Nd2 dxe4 4. Nxe4 Bf5 5. Ng3 Bg6 6. h4 h6 7. Nf3 e6 8. Ne5 Bh7 9. Bd3 Bxd3 10. Qxd3 Nd7 11.
Bf4 Ngf6 12. O-O-O Nd5 13. Bd2 Qc7 14. f4 N7f6 15.
Ne4 Nxe4 16. Qxe4 O-O-O 17. f5 Nf6 18. Qf3 Rxd4 19. Bf4 Rxd1+ 20. Rxd1 Nd5 21. fxe6 Bd6 22. exf7 Kb8 23. Kb1 Rf8 24. Ng6 Nxf4 25. Nxf8 Bxf8 26. g3 Ne6 27. Qf5 Nd8 28. Rd7 Qb6 29. a4 a5 30. Qe5+ Ka7 31. Qe8 Ba3 32. b3 Nxf7 33. Qxf7 Qb4 34. Ka2 1-0

[Event "*** Titled Tuesday Blitz"]
[Site "Chess.com"]
[Date "2020.11.10"]
[Round "6"]
[White "PaulfromSPb"]
[Black "mjray79"]
[Result "1-0"]
[WhiteElo "2703"]
[BlackElo "2498"]
[TimeControl "180+1"]
[EndTime "11:09:41 PST"]
[Termination "PaulfromSPb won by resignation"]

1. e4 e5 2. Nf3 Nc6 3. Bb5 a6 4. Ba4 Nf6 5. O-O Be7 6. Re1 b5 7.
Bb3 d6 8. c3 O-O 9. h3 Nb8 10.
d4 Nbd7 11. Nbd2 c5 12. Nf1 Re8 13. Ng3 Bf8 14. Be3 Bb7 15. Bc2 g6 16. Qd2 Bg7 17.
Rad1 Qc7 18. dxe5 dxe5 19. Qd6 Qc8 20. a4 Re6 21. Qd2 Nb6 22. Bb3 c4 23. a5 Nbd7 24. Bc2 Qc7 25. Ng5 Ree8 26. b4 h6 27. Nf3 Kh7 28.
Qd6 Qc8 29. Bc1 Bf8 30. Qd2 Qc7 31. Qe3 Rad8 32. h4 Ng4 33. Qe2 h5 34. Ng5+ Kg8 35.
f3 Ngf6 36. Be3 Qc6 37. Nh1 Bh6 38. Nf2 Bg7 39. Nfh3 Nf8 40. Bb6 Rc8 41. Bc5 Ne6 42.
Rd6 Qc7 43. Nxe6 Rxe6 44. Rxe6 fxe6 45. Ng5 Re8 46. Rd1 Nh7 47. Qd2 Nxg5 48. hxg5 Kh7 49. Qd7 Rc8 50. Bb6 Qc6 51. Rd6 Qxd7 52. Rxd7 Bc6 53.
Ra7 Kg8 54. Rxa6 Bf8 55. Ra7 Re8 56. a6 Be7 57. Be3 Rd8 58. Rxe7 1-0

[Event "*** Titled Tuesday Blitz"]
[Site "Chess.com"]
[Date "2020.11.10"]
[Round "6"]
[White "jacky72"]
[Black "lucachess49"]
[Result "1-0"]
[WhiteElo "2528"]
[BlackElo "2355"]
[TimeControl "180+1"]
[EndTime "11:09:42 PST"]
[Termination "jacky72 won on time"]

1. d4 Nf6 2. c4 e6 3. Nf3 a6 4. Nc3 d5 5. cxd5 exd5 6. Bg5 Be6 7. Qc2 Nbd7 8. e3 Bd6 9. Bd3 c6 10. Bf4 Qc7 11. Bg3 h6 12. Rb1 O-O 13. b4 Nh5 14.
Bxd6 Qxd6 15. O-O f5 16. Rfe1 b5 17. Ne2 Nb6 18. Ne5 Nc4 19. Bxc4 dxc4 20. Ng6 Rf6 21.
Nef4 Nxf4 22. Nxf4 Bf7 23. a4 g5 24. Nh3 Bd5 25.
f3 Re8 26. e4 Bf7 27. e5 Qxd4+ 28. Nf2 Rxe5 29. Red1 Qb6 30. Rd7 Rd5 31. Rd1 Be6 32. Re7 Qd8 33. Rxd5 cxd5 34. Ra7 d4 35. Rxa6 bxa4 36.
b5 d3 37. Qc3 d2 38. Nd1 Kf7 39.
Ra7+ Kg6 40. Rxa4 Bf7 41. Ra2 Rd6 42. h3 Rd3 43. Ra6+ Kh7 44. Qe5 Qd4+ 45. Qxd4 Rxd4 46.
Rc6 Rd3 47. b6 Rb3 48. Kf2 Rb1 49. Ke2 c3 50. Nxc3 Rb3 51. Kxd2 Rb2+ 52. Ke3 f4+ 53. Kd4 1-0

[Event "*** Titled Tuesday Blitz"]
[Site "Chess.com"]
[Date "2020.11.10"]
[Round "6"]
[White "ponzianipower"]
[Black "VladaSviridova"]
[Result "0-1"]
[WhiteElo "1938"]
[BlackElo "2237"]
[TimeControl "180+1"]
[EndTime "11:09:43 PST"]
[Termination "VladaSviridova won on time"]

1. e4 e6 2. d4 d5 3. exd5 exd5 4.
Nf3 Bd6 5. Bd3 Ne7 6. O-O Nbc6 7.
h3 O-O 8. Re1 Nb4 9. Be2 Bf5 10.
Na3 a6 11. c3 Nbc6 12. Nc2 f6 13. Ne3 Be6 14. c4 Bb4 15. Bd2 Bxd2 16. Qxd2 dxc4 17. Bxc4 Bxc4 18. Nxc4 Nd5 19. Re2 Qd7 20. Rae1 Rae8 21.
a3 Rxe2 22. Qxe2 Nf4 23. Qe4 g5 24. d5 Nd8 25. b4 Qxd5 26. Qxd5+ Nxd5 27. Rd1 c6 28.
Nd4 Nf7 29. Nf5 Re8 30. Ncd6 Nxd6 31. Nxd6 Re7 32. Nf5 Re5 33. Nd6 Re7 34. Nf5 Rd7 35. a4 Kf7 36. Nh6+ Kg6 37. Ng4 b5 38. axb5 axb5 39.
Ne3 Kf7 40. Nxd5 Rxd5 41. Rc1 Rd6 42. Kh2 Ke6 43. Rc5 Kd7 44. Kg3 Rd5 45. Rc3 Rd4 0-1

[Event "*** Titled Tuesday Blitz"]
[Site "Chess.com"]
[Date "2020.11.10"]
[Round "6"]
[White "AldokhinIvan"]
[Black "MasterMK73"]
[Result "1-0"]
[WhiteElo "2557"]
[BlackElo "2268"]
[TimeControl "180+1"]
[EndTime "11:09:44 PST"]
[Termination "AldokhinIvan won by checkmate"]

1. d4 d5 2. c4 e6 3. Nc3 c6 4. e4 dxe4 5. Nxe4 Bb4+ 6. Bd2 Qxd4 7. Bxb4 Qxe4+ 8. Be2 Qxg2 9. Bf3 Qg5 10. Ne2 Nd7 11.
Rg1 Qf6 12. Rg3 Ne7 13. Be4 c5 14. Bc3 e5 15. Qd3 Qh6 16. Bd2 Qe6 17. Rxg7 f5 18. Bd5 Nxd5 19. cxd5 Qf6 20. Rg1 a6 21. O-O-O b5 22.
Bg5 Qf7 23. Kb1 Bb7 24. Ng3 e4 25. Qd2 Rg8 26. Qf4 Bxd5 27. Nxf5 Bxa2+ 28. Ka1 Rg6 29.
Nd6+ Rxd6 30. Qxd6 Bb3 31. Bh4 Ra7 32. Qb8+ Nxb8 33. Rd8# 1-0

[Event "*** Titled Tuesday Blitz"]
[Site "Chess.com"]
[Date "2020.11.10"]
[Round "6"]
[White "amiralfio"]
[Black "ljuks68"]
[Result "0-1"]
[WhiteElo "2512"]
[BlackElo "2373"]
[TimeControl "180+1"]
[EndTime "11:09:45 PST"]
[Termination "ljuks68 won on time"]

1. Nf3 d5 2. c4 c6 3. g3 Nf6 4. Bg2 Bf5 5. O-O e6 6. b3 Bd6 7. Bb2 Nbd7 8. Nc3 O-O 9. Nh4 Bg4 10. h3 Bh5 11. d3 Rc8 12. Rc1 a6 13. Qd2 b5 14. f4 bxc4 15. dxc4 d4 16. Ne4 Nxe4 17. Bxe4 f5 18. Bg2 c5 19. e3 e5 20. fxe5 Bxe5 21. Nxf5 dxe3 22. Qd5+ Bf7 23. Bxe5 Bxd5 24. Bxd5+ Rf7 25.
Nh6+ gxh6 26. Bxf7+ Kf8 27. Bd5+ Ke8 28. Bd6 Qg5 29. Rf7 Ne5 30. Bxe5 Qxe5 31. Kg2 Rd8 32.
Re1 Rxd5 33. cxd5 Kxf7 0-1

[Event "*** Titled Tuesday Blitz"]
[Site "Chess.com"]
[Date "2020.11.10"]
[Round "6"]
[White "SergeyShtyka"]
[Black "HanSchut"]
[Result "1-0"]
[WhiteElo "2368"]
[BlackElo "2206"]
[TimeControl "180+1"]
[EndTime "11:09:45 PST"]
[Termination "SergeyShtyka won by resignation"]

1. e4 c5 2. Nf3 d6 3. d4 cxd4 4. Nxd4 Nf6 5. Nc3 a6 6. Bc4 e6 7.
O-O b5 8. Bd3 Be7 9. Be3 O-O 10. f4 Bd7 11. Qf3 Nc6 12. a3 Rc8 13. Rae1 Na5 14. e5 Nd5 15. Nxd5 exd5 16. Qxd5 Nc4 17. Bxc4 Rxc4 18. exd6 Bf6 19. c3 Re8 20. Bf2 Bxd4 21. Bxd4 Be6 22. Qe5 f6 23. Qh5 Bf7 24. Rxe8+ Bxe8 25. Qe2 Bf7 26. Qe7 Qxe7 27. dxe7 Be8 28. Re1 Kf7 29. b4 Rc6 30. f5 Rd6 31. Kf2 Rd5 32. g4 h5 33. h3 hxg4 34. hxg4 Rd7 35. Bc5 Rd2+ 36. Ke3 Ra2 37. g5 fxg5 38. Rg1 Rxa3 39. Kd3 Ra2 40. Rxg5 Rf2 41. Bxf2 1-0

[Event "*** Titled Tuesday Blitz"]
[Site "Chess.com"]
[Date "2020.11.10"]
[Round "6"]
[White "Mazetovic"]
[Black "SamuelGhimpu2003"]
[Result "1-0"]
[WhiteElo "2756"]
[BlackElo "2560"]
[TimeControl "180+1"]
[EndTime "11:09:46 PST"]
[Termination "Mazetovic won on time"]

1. e4 e6 2. d4 d5 3. Nc3 Nf6 4. Bg5 dxe4 5. Nxe4 Nbd7 6. Nf3 h6 7. Nxf6+ Nxf6 8.
Be3 Bd6 9. Bd3 b6 10. Qe2 O-O 11. O-O-O Bb7 12. Rhg1 Nd5 13. c3 c5 14. dxc5 bxc5 15.
Bc2 Rb8 16. Qd3 f5 17. c4 Nxe3 18. Qxe3 Re8 19. Ne5 Qc7 20. f4 a5 21. g4 Bxe5 22. fxe5 f4 23. Qxf4 Rf8 24. Qe3 Rf3 25. Qe2 Rf4 26. Rd6 Rbf8 27. g5 Bf3 28. Qd2 h5 29. b3 a4 30. Kb2 Bg4 31. Rg2 Qa7 32. bxa4 Qb7+ 33. Bb3 Rf1 34. Rd8 Qe4 35. Rxf8+ Kxf8 36. Rf2+ Rxf2 37. Qxf2+ Kg8 38. Qxc5 Qg2+ 39. Ka3 Qxh2 40. g6 Qf2 41. Qxf2 1-0

[Event "*** Titled Tuesday Blitz"]
[Site "Chess.com"]
[Date "2020.11.10"]
[Round "6"]
[White "Fy_Rakotomaharo"]
[Black "AniJak"]
[Result "1-0"]
[WhiteElo "2628"]
[BlackElo "2372"]
[TimeControl "180+1"]
[EndTime "11:09:46 PST"]
[Termination "Fy_Rakotomaharo won by resignation"]

1. Nf3 d5 2. b3 Nf6 3. Bb2 c5 4. e3 Nc6 5. Bb5 Bd7 6. O-O e6 7. d3 Bd6 8. Nbd2 O-O 9. e4 Bf4 10. Bxc6 Bxc6 11. e5 Nd7 12. Re1 d4 13. a4 Qc7 14.
Nc4 Bxf3 15. Qxf3 Bxe5 16. Nxe5 Nxe5 17. Qg3 f6 18. c3 Qd7 19. cxd4 cxd4 20. b4 Rfc8 21.
Re4 Rc2 22. Bxd4 Nc6 23. Bxf6 Rf8 24. Bxg7 Qxg7 25. Rg4 Rf7 26. Rxg7+ Rxg7 27. Qf4 Rf7 28.
Qg4+ Kf8 29. Qh4 Ne5 30. Qd8+ Kg7 31. Qd4 Rf5 32. f4 Kg6 33. fxe5 Rg5 34. Qe4+ Kh6 35.
Rf1 1-0

[Event "*** Titled Tuesday Blitz"]
[Site "Chess.com"]
[Date "2020.11.10"]
[Round "6"]
[White "AlexandraBotez"]
[Black "orestn"]
[Result "0-1"]
[WhiteElo "2097"]
[BlackElo "2250"]
[TimeControl "180+1"]
[EndTime "11:09:46 PST"]
[Termination "orestn won on time"]

1. d4 d5 2. Bf4 e6 3. Nf3 f5 4.
e3 Nf6 5. Be2 c5 6. Nbd2 Nc6 7.
O-O Bd7 8. c3 Be7 9. Ne5 O-O 10.
Nxd7 Qxd7 11. Nf3 c4 12. Ne5 Nxe5 13. Bxe5 b5 14. Qc2 a5 15. Rfb1 Bd6 16. Bxd6 Qxd6 17. f4 Rfc8 18. a3 b4 19. Bf3 Rcb8 20. Qc1 bxa3 21.
Rxa3 Rb3 22. Ra2 Qb6 23. Kf2 Rb8 24. Bd1 Ne4+ 25. Kg1 Rxc3 26. Bc2 Rb3 27. Bxb3 cxb3 28. Ra3 Qb5 29. Qe1 a4 30. Rc1 Qb4 31. Qxb4 Rxb4 32. Rc7 Nd2 33. Kf2 Nc4 34. Rc8+ Kf7 35. Rc7+ Kf6 36.
Ra1 Nxb2 37. h3 Nc4 38. g4 fxg4 39. hxg4 b2 40. g5+ Kg6 41. Rb1 a3 42. e4 dxe4 43. Rc6 a2 0-1

[Event "*** Titled Tuesday Blitz"]
[Site "Chess.com"]
[Date "2020.11.10"]
[Round "6"]
[White "LyonBeast"]
[Black "GOGIEFF"]
[Result "1-0"]
[WhiteElo "3074"]
[BlackElo "2889"]
[TimeControl "180+1"]
[EndTime "11:09:50 PST"]
[Termination "LyonBeast won by resignation"]

1. Nf3 Nf6 2. c4 g6 3. g3 Bg7 4. Bg2 O-O 5. O-O Nc6 6. d4 a6 7. Nc3 Rb8 8. d5 Na5 9. b3 b5 10. cxb5 axb5 11. Bg5 b4 12. Na4 Ne4 13. Rc1 Nxg5 14.
Nxg5 e6 15. h4 h6 16. Nh3 exd5 17. Qxd5 c6 18. Qd6 Rb5 19. Rfd1 Re8 20. e3 Be5 21. Qd2 Qf6 22. Nf4 d5 23. Re1 Bf5 24. Ne2 Be4 25. Nd4 Bxg2 26. Kxg2 Rbb8 27. Nc5 Red8 28. h5 g5 29. Qd3 g4 30. Qf5 Bxd4 31. Qxg4+ Qg7 32. Qxd4 Qxd4 33. exd4 Re8 34. Rxe8+ Rxe8 35. Na6 Re4 36. Rd1 Re2 37. Nxb4 Rb2 38. Rc1 Kg7 39. Rc5 1-0

[Event "*** Titled Tuesday Blitz"]
[Site "Chess.com"]
[Date "2020.11.10"]
[Round "6"]
[White "GM_LOADING"]
[Black "IwkooO"]
[Result "0-1"]
[WhiteElo "2463"]
[BlackElo "2626"]
[TimeControl "180+1"]
[EndTime "11:09:50 PST"]
[Termination "IwkooO won on time"]

1. Nf3 c5 2. g3 Nc6 3. Bg2 g6 4.
O-O Bg7 5. c4 e6 6. Nc3 d6 7. Rb1 Nge7 8. a3 O-O 9. b4 b6 10. Qb3 Bb7 11. Bb2 Rc8 12. d3 cxb4 13.
axb4 a5 14. bxa5 Nxa5 15. Qb4 d5 16. Na4 Bxb2 17. Nxb2 dxc4 18. Nxc4 Nxc4 19. dxc4 Ba6 20. Rfd1 Qc7 21. Qxb6 Bxc4 22. Qxc7 Rxc7 23. Rdc1 Rfc8 24.
e3 Nd5 25. Ne5 Be2 26. Rxc7 Rxc7 27. Bxd5 exd5 28. Re1 Bc4 29. Rc1 f6 30. Nf3 Kf7 31.
Nd4 Rb7 32. g4 h5 33. gxh5 gxh5 34. Kg2 Kg6 35. Kg3 Bd3 36. Rc8 Rb1 37. Kf4 Rh1 38.
Rg8+ Kf7 39. Rg2 Bf1 40. Rg3 Rxh2 41. f3 Rh4+ 42. Kf5 Bd3+ 43. e4 dxe4 0-1

[Event "*** Titled Tuesday Blitz"]
[Site "Chess.com"]
[Date "2020.11.10"]
[Round "6"]
[White "Mr_Sinigami"]
[Black "ChronicUnhappiness"]
[Result "1-0"]
[WhiteElo "2533"]
[BlackElo "2329"]
[TimeControl "180+1"]
[EndTime "11:09:50 PST"]
[Termination "Mr_Sinigami won on time"]

1. d4 d5 2. Nf3 Nf6 3. Bf4 Bf5 4. e3 e6 5. c4 Bb4+ 6. Nc3 c5 7. Be2 dxc4 8. dxc5 Qxd1+ 9. Rxd1 Ne4 10. Rc1 Nxc5 11. Bxc4 Bd3 12. Bb3 Nc6 13. Ne5 Nxe5 14. Bxe5 O-O 15.
f3 Rfd8 16. Bd4 Nxb3 17. axb3 f6 18. f4 b6 19. Kf2 Rac8 20. Rhd1 Bxc3 21. bxc3 Be4 22.
c4 Rd7 23. Ra1 Kf7 24. Rdc1 Rcc7 25. g4 h6 26. h4 Bc6 27. Ra2 Be4 28. Kg3 Rb7 29. g5 hxg5 30. hxg5 Rd8 31. Rh2 Rbb8 32. Rd1 Rh8 33. Rdd2 Rxh2 34. Rxh2 a5 35. gxf6 gxf6 36. Rh6 1-0

[Event "*** Titled Tuesday Blitz"]
[Site "Chess.com"]
[Date "2020.11.10"]
[Round "6"]
[White "sboshaon21"]
[Black "PattyCastillo"]
[Result "0-1"]
[WhiteElo "2044"]
[BlackElo "1973"]
[TimeControl "180+1"]
[EndTime "11:09:50 PST"]
[Termination "PattyCastillo won on time"]

1. e4 c5 2. Nf3 d6 3. d4 cxd4 4. Nxd4 Nf6 5. Nc3 a6 6. Be2 e5 7.
Nb3 Be7 8. Be3 Be6 9. O-O Nbd7 10. f4 Rc8 11. f5 Bc4 12. Nd2 Bxe2 13. Qxe2 O-O 14. g4 Nc5 15. g5 Nfd7 16. Qg4 f6 17.
g6 h6 18. Qh5 Re8 19. Rf3 Nf8 20. Bxh6 gxh6 21. Qxh6 Qb6 22. Nd5 Qxb2 23. Nxe7+ Rxe7 24. Rh3 Qxa1+ 25. Kg2 Nh7 26. gxh7+ Kh8 27. Qxf6+ Rg7+ 28. Rg3 Rc7 29. Nf1 Qe1 30. Kg1 Nxe4 31. Qf8+ Kxh7 32. f6 Qf2+ 33. Kh1 Qxf1+ 0-1

[Event "*** Titled Tuesday Blitz"]
[Site "Chess.com"]
[Date "2020.11.10"]
[Round "6"]
[White "vrekhson"]
[Black "UmarovSabir"]
[Result "1-0"]
[WhiteElo "2206"]
[BlackElo "2285"]
[TimeControl "180+1"]
[EndTime "11:09:51 PST"]
[Termination "vrekhson won on time"]

1. e4 g6 2. d4 Bg7 3. Nc3 c6 4. Be3 d5 5. Nf3 Nf6 6. e5 Ng4 7. Bf4 Qb6 8. Qc1 h5 9. h3 Nh6 10. Bd3 Bf5 11. O-O Bxd3 12. cxd3 Nf5 13. Be3 e6 14. a3 Nd7 15. b4 h4 16. Na4 Qc7 17. Nc5 O-O 18. Qc3 b6 19. Nb3 Rac8 20. Rac1 Nxe3 21. fxe3 Qd8 22. Qe1 g5 23. Nh2 f5 24. exf6 Nxf6 25. Qe2 Qe8 26. Ng4 Nh5 27.
Rxf8+ Qxf8 28. Nh6+ Bxh6 29. Qxh5 Qg7 30. Rf1 g4 31.
Kh1 Bxe3 32. hxg4 Bg5 33. Nc1 Bxc1 34. Rxc1 Qxd4 35. Qg6+ Kh8 36. Rf1 1-0

[Event "*** Titled Tuesday Blitz"]
[Site "Chess.com"]
[Date "2020.11.10"]
[Round "6"]
[White "Stormeman100100"]
[Black "nitpicker"]
[Result "1-0"]
[WhiteElo "2551"]
[BlackElo "2230"]
[TimeControl "180+1"]
[EndTime "11:09:53 PST"]
[Termination "Stormeman100100 won on time"]

1. d4 Nf6 2. c4 e6 3. Nf3 b6 4. g3 Ba6 5. b3 Bb4+ 6. Bd2 Be7 7. Bg2 c6 8. O-O d5 9. Nc3 O-O 10. Qc2 dxc4 11. Rfd1 cxb3 12. axb3 Bb7 13. e4 Nbd7 14. Bf4 a6 15. h4 Re8 16. Ne5 Rc8 17. Nc4 Nf8 18. Qb2 Ng6 19. Bg5 h6 20. Bxf6 Bxf6 21. h5 Nf8 22. Na4 c5 23. e5 Bxg2 24. Kh2 Be7 25.
Kxg2 b5 26. dxc5 Qc7 27. Nd6 bxa4 28. Nxe8 Rxe8 29. Rxa4 Bxc5 30. Qc3 Qb7+ 31. Kg1 Bb6 32. Rb4 Qc7 33. Rc4 Qb7 34. b4 Rb8 35. Rc6 Ba7 36. Qc4 Qxb4 37. Qxb4 Rxb4 38. Rxa6 Bc5 39. Ra8 Rb2 40.
Rc1 Bxf2+ 41. Kf1 Bxg3 42. Rcc8 Bxe5 43. Rxf8+ 1-0

[Event "*** Titled Tuesday Blitz"]
[Site "Chess.com"]
[Date "2020.11.10"]
[Round "6"]
[White "yourstrulyme"]
[Black "FMOlexandrProhorov"]
[Result "0-1"]
[WhiteElo "2391"]
[BlackElo "2147"]
[TimeControl "180+1"]
[EndTime "11:09:53 PST"]
[Termination "FMOlexandrProhorov won on time"]

1. d4 g6 2. Nf3 Bg7 3. e4 c5 4. dxc5 Qa5+ 5. Bd2 Qxc5 6. Bc3 Nf6 7. Nbd2 O-O 8. Bd3 d6 9. O-O Nc6 10. Re1 Qb6 11.
h3 Bd7 12. Nc4 Qc7 13. e5 dxe5 14. Nfxe5 Be6 15. Qf3 Nd5 16. Nxc6 Nxc3 17. Nxe7+ Qxe7 18. bxc3 Bxc3 19. Ne5 Bxa1 20. Rxa1 Qg5 21. Re1 Rad8 22. Ng4 Kg7 23. Qxb7 Bd5 24. Qxa7 Rfe8 25. Rxe8 Rxe8 26. Qd4+ f6 27. f4 Qh4 28. Qxd5 Qe1+ 29. Kh2 h5 30. Qb7+ Re7 0-1

[Event "*** Titled Tuesday Blitz"]
[Site "Chess.com"]
[Date "2020.11.10"]
[Round "6"]
[White "MVM2008"]
[Black "pavelalexandru07"]
[Result "1-0"]
[WhiteElo "2189"]
[BlackElo "2280"]
[TimeControl "180+1"]
[EndTime "11:09:53 PST"]
[Termination "MVM2008 won by resignation"]

1. e4 c5 2. Nf3 d6 3. d4 cxd4 4. Nxd4 Nf6 5. Nc3 a6 6. Bc4 e6 7. Be3 b5 8. Bb3 Nbd7 9. f3 Bb7 10. a3 Nc5 11. Ba2 Qc7 12. O-O Rc8 13. b4 Ncd7 14. Nce2 Ne5 15. Bg5 Be7 16. Nxe6 fxe6 17. Bxe6 Rd8 18.
Nd4 Nf7 19. Be3 d5 20. Nf5 O-O 21. Qe1 dxe4 22. Qh4 Nd5 23. Nh6+ Kh8 24. Nxf7+ Rxf7 25. Qxe4 Nf6 26. Qf5 Rff8 27. Rad1 Rxd1 28. Rxd1 Rd8 29.
Rxd8+ Qxd8 30. Bf7 Qc7 31. Bf4 Qb6+ 32. Kf1 Qd6 33.
Bxd6 Bxd6 34. Qd3 Bf8 35. Qd8 1-0

[Event "*** Titled Tuesday Blitz"]
[Site "Chess.com"]
[Date "2020.11.10"]
[Round "6"]
[White "Andreikka"]
[Black "anon102030"]
[Result "0-1"]
[WhiteElo "2948"]
[BlackElo "2747"]
[TimeControl "180+1"]
[EndTime "11:09:54 PST"]
[Termination "anon102030 won by checkmate"]

1. b3 e5 2. Bb2 Nc6 3. Nf3 d6 4.
e3 g6 5. d4 Bg7 6. Be2 Nge7 7.
O-O O-O 8. c4 exd4 9. Nxd4 Nxd4 10. Bxd4 Bxd4 11. Qxd4 Nc6 12. Qd2 Be6 13. Nc3 f5 14.
Rac1 Qe7 15. Nd5 Qf7 16. Rfd1 Rae8 17. g3 Qg7 18. Bf3 Ne5 19. Bg2 Bc8 20. Qa5 c6 21. Nc3 b6 22. Qa3 g5 23. Qxd6 Re6 24. Qd4 f4 25.
Ne4 c5 26. Qc3 fxe3 27. Qxe3 h6 28. Rd6 Rxd6 29. Nxd6 Ng4 30. Qe1 Nxf2 31. Nxc8 Qd4 32.
Bd5+ Kh8 33. Qe7 Nd1+ 34. Kg2 Rf2+ 35. Kh1 Rf1+ 36. Kg2 Rf2+ 37. Kh1 Rf1+ 38. Kg2 Qg1+ 39. Kh3 Nf2# 0-1